AoeStats
← Theekopje

Scandinavia

510719292Analyzed
1v1 RM · 24h ago on Oct 2, 2026· 44m 40s· 2 players
Game mode
Random Map
Map size
Tiny (2 player)
Population
200
Speed
Normal
Resources
Standard
Victory
Conquest
Starting age
Dark Age
Ending age
Imperial Age
RankedLock teamsTeams togetherTeam positionsShared explorationLock speedFull tech treeHidden civsTurbo modeCheats
Victory
Defeat
🇺🇸 Bulgarians · United States
799
+14
🇧🇪 Teutons · Belgium
763
-14
Theekopje
5:51 Loom
11:15 Feudal Age
14:01 Double-Bit Axe
16:31 Wheelbarrow
15:43 Town Watch
16:18 Horse Collar
16:17 Man-at-Arms
17:20 Fishing Lines
19:43 Bloodlines
36:01 Forging
37:44 Scale Barding Armor
44:38 Castle Age
silentslyguy
7:07 Loom
12:38 Feudal Age
13:04 Double-Bit Axe
13:15 Gold Mining
13:50 Horse Collar
16:08 Arson
18:05 Scale Mail Armor
18:06 Padded Archer Armor
19:21 Forging
24:10 Scale Barding Armor
27:30 Bloodlines
32:23 Wheelbarrow
39:28 Stone Mining
43:19 Castle Age
41:58 Fletching
43:51 Gambesons
44:07 Squires
44:47 Husbandry
Connection lost

Rejoining the realm…

Still unreachable

The connection could not be restored.

Session expired

The server has moved on; the page needs a fresh start.